[Event "55th Rubinstein Memorial-A 2019"]
[Site "Polanica-Zdroj"]
[Date "2019.08.20"]
[Round "4.14"]
[White "Jaskolka, Tomasz"]
[Black "Skurniak, Szymon"]
[Result "1-0"]
[ECO "A45"]
[WhiteElo "2227"]
[BlackElo "1962"]
[Annotator "NA"]
[PlyCount "61"]
[EventDate "2019.08.17"]
[EventType "swiss"]
[EventCountry "POL"]
[SourceTitle "playchess.com"]
[Source "ChessBase"]
[SourceQuality "1"]
[TimeControl "40/5400+30:1800+30"]

1. d4 Nf6 2. Bf4 d5 3. e3 c5 4. c3 Qb6 5. Qb3 c4 6. Qc2 g6 7. f3 Bf5 8. Qc1 Nc6 9. Nd2 Bg7 10. e4 dxe4 11. Nxc4 Qd8 12. g4 Be6 13. g5 Nd7 14. fxe4 Bxc4 15. Bxc4 e5 16. Nf3 Nb6 17. Bxf7+ Kxf7 18. Bxe5 Bxe5 19. Nxe5+ Kg7 20. Ng4 Nxd4 21. cxd4 Qxd4 22. Qc7+ Nd7 23. Rd1 Qxe4+ 24. Kf2 Rhf8+ 25. Kg3 Qf3+ 26. Kh4 Rf4 27. Rxd7+ Kf8 28. Qd6+ Kg8 29. Qe6+ Kh8 30. Qe5+ Kg8 31. Qg7# 1-0

[Event "55th Rubinstein Memorial-A 2019"]
[Site "Polanica-Zdroj"]
[Date "2019.08.20"]
[Round "4.15"]
[White "Kozlowski, Michal"]
[Black "Goslawski, Michal"]
[Result "0-1"]
[ECO "C43"]
[WhiteElo "1926"]
[BlackElo "2160"]
[Annotator "NA"]
[PlyCount "107"]
[EventDate "2019.08.17"]
[EventType "swiss"]
[EventCountry "POL"]
[SourceTitle "playchess.com"]
[Source "ChessBase"]
[SourceQuality "1"]
[TimeControl "40/5400+30:1800+30"]

1. e4 e5 2. Nf3 Nf6 3. d4 Nxe4 4. Bd3 d5 5. Nxe5 Nd7 6. Nxd7 Bxd7 7. O-O Bd6 8. Qh5 Nf6 9. Re1+ Kf8 10. Qh4 h6 11. Bf4 Ne4 12. Qxd8+ Rxd8 13. Bxe4 Bxf4 14. Bxd5 Bc8 15. Bf3 Rxd4 16. g3 Bg5 17. Na3 c6 18. Rad1 Rxd1 19. Rxd1 Be6 20. b3 g6 21. c4 Be7 22. Nc2 Kg7 23. Nd4 Bc8 24. Kg2 f5 25. Be2 Re8 26. f4 Bc5 27. Bf3 g5 28. fxg5 hxg5 29. Kf1 Kf6 30. Nc2 f4 31. g4 a5 32. Re1 Rh8 33. Kg2 Be6 34. a3 Rd8 35. Rd1 Ra8 36. h3 Bf7 37. Be4 Re8 38. Bd3 Rd8 39. Be2 Re8 40. Bd3 Bf8 41. b4 axb4 42. axb4 Rd8 43. c5 Bb3 44. Kf2 Bg7 45. Ke2 Rh8 46. Bf5 Bd5 47. b5 Rxh3 48. Rxd5 cxd5 49. Nb4 Bf8 50. Nxd5+ Ke5 51. c6 bxc6 52. bxc6 f3+ 53. Kf2 Bc5+ 54. Ne3 0-1

[Event "55th Rubinstein Memorial-A 2019"]
[Site "Polanica-Zdroj"]
[Date "2019.08.20"]
[Round "4.16"]
[White "Vanduyfhuys, Daria"]
[Black "Kulesza, Andrzej"]
[Result "1-0"]
[ECO "E15"]
[WhiteElo "2160"]
[BlackElo "1940"]
[Annotator "NA"]
[PlyCount "69"]
[EventDate "2019.08.17"]
[EventType "swiss"]
[EventCountry "POL"]
[SourceTitle "playchess.com"]
[Source "ChessBase"]
[SourceQuality "1"]
[TimeControl "40/5400+30:1800+30"]

1. d4 Nf6 2. c4 e6 3. Nf3 b6 4. g3 Ba6 5. b3 Bb4+ 6. Bd2 Be7 7. Bg2 O-O 8. O-O d5 9. Bc3 c6 10. Ne5 Nfd7 11. Nxd7 Nxd7 12. Nd2 f5 13. a4 Nf6 14. Bb2 Ne4 15. Nxe4 fxe4 16. Qc2 Qd7 17. f3 exf3 18. Bxf3 Bf6 19. Rad1 Rac8 20. e4 Bb7 21. Qg2 Ba6 22. Be2 Rcd8 23. Rfe1 Qc8 24. Qh3 Rfe8 25. Qg4 Bb7 26. Bf3 dxc4 27. e5 Be7 28. bxc4 Bb4 29. Rf1 Ba6 30. Be2 c5 31. d5 exd5 32. e6 d4 33. Rf7 g6 34. Qh4 h5 35. Qf6 1-0

[Event "55th Rubinstein Memorial-A 2019"]
[Site "Polanica-Zdroj"]
[Date "2019.08.20"]
[Round "4.17"]
[White "Wisniewski, Michal"]
[Black "Mielczarek, Daniel"]
[Result "1-0"]
[ECO "A06"]
[WhiteElo "2130"]
[BlackElo "1924"]
[Annotator "NA"]
[PlyCount "91"]
[EventDate "2019.08.17"]
[EventType "swiss"]
[EventCountry "POL"]
[SourceTitle "playchess.com"]
[Source "ChessBase"]
[SourceQuality "1"]
[TimeControl "40/5400+30:1800+30"]

1. Nf3 d5 2. c4 c6 3. g3 Bf5 4. Bg2 e6 5. cxd5 exd5 6. O-O Nf6 7. d3 Be7 8. Nc3 O-O 9. a3 d4 10. Nb1 Na6 11. b4 Nc7 12. Bb2 Ne6 13. Nbd2 Bg4 14. Nb3 Bxf3 15. Bxf3 Qb6 16. Rc1 Rfd8 17. Rc4 Ne8 18. Qa1 Bf6 19. Rb1 Nd6 20. Rc2 Ne8 21. Bc1 Bg5 22. Nc5 Bxc1 23. Nxe6 fxe6 24. Rcxc1 Nf6 25. a4 a6 26. Rc4 Rd6 27. Qa3 Qd8 28. Qb3 Qb6 29. Qa3 Qd8 30. Qc1 Nd7 31. b5 axb5 32. axb5 Ne5 33. bxc6 bxc6 34. Bxc6 Rc8 35. Bb7 Rxc4 36. dxc4 d3 37. exd3 Nxd3 38. Qe3 Qc7 39. Be4 Nc5 40. Bc2 Rb6 41. Ra1 Rb8 42. Qf3 Qe7 43. Ra8 Nd7 44. Rxb8+ Nxb8 45. Qa8 Qc7 46. Qe4 1-0

[Event "55th Rubinstein Memorial-A 2019"]
[Site "Polanica-Zdroj"]
[Date "2019.08.20"]
[Round "4.18"]
[White "Luba, Lukasz"]
[Black "Grochol, Kamil"]
[Result "1-0"]
[ECO "D00"]
[WhiteElo "2130"]
[BlackElo "1837"]
[Annotator "NA"]
[PlyCount "131"]
[EventDate "2019.08.17"]
[EventType "swiss"]
[EventCountry "POL"]
[SourceTitle "playchess.com"]
[Source "ChessBase"]
[SourceQuality "1"]
[TimeControl "40/5400+30:1800+30"]

1. d4 d5 2. e3 Bf5 3. c4 e6 4. c5 c6 5. b4 b6 6. Bb2 a5 7. a3 Nf6 8. Nc3 Be7 9. Nf3 O-O 10. Ne5 Nfd7 11. Nd3 Na6 12. Na2 axb4 13. axb4 b5 14. Be2 Ra7 15. O-O Qc7 16. Qb3 Rfa8 17. Nc3 h6 18. f3 Bf6 19. f4 Bh7 20. Ne5 Bxe5 21. fxe5 Qb8 22. Rae1 f6 23. Bg4 f5 24. Be2 Nf8 25. Rf2 Rf7 26. Ref1 Nc7 27. Bd3 Bg6 28. Ne2 Qe8 29. Qc2 Bh7 30. Nc1 Ra4 31. Bc3 Qa8 32. Nb3 Ra7 33. Na5 Na6 34. Qe2 Rfc7 35. Nxc6 Rxc6 36. Bxb5 Rc8 37. Bxa6 Rxa6 38. b5 Ra3 39. Qb2 Qa4 40. b6 Rb3 41. Qd2 Nd7 42. Ra1 Qb5 43. Ba5 Ra8 44. h4 Nb8 45. Kh2 Bg6 46. Qe1 Bh5 47. Rfa2 Rb2 48. Rxb2 Qxb2 49. Rb1 Qe2 50. b7 Rxa5 51. Qxa5 Bf3 52. Rg1 Qf2 53. Qe1 Qb2 54. Kg3 Be4 55. Qf2 Qxb7 56. Ra1 Nc6 57. Ra2 Qf7 58. Kh2 Kh7 59. Ra6 Nb4 60. Rb6 Nd3 61. Qg3 f4 62. exf4 Nxf4 63. c6 Ne2 64. Rb7 Qf8 65. Qxg7+ Qxg7 66. Rxg7+ 1-0

[Event "55th Rubinstein Memorial-A 2019"]
[Site "Polanica-Zdroj"]
[Date "2019.08.20"]
[Round "4.19"]
[White "Praczukowski, Stanislaw"]
[Black "Jedynak, January"]
[Result "1-0"]
[ECO "D30"]
[WhiteElo "2126"]
[BlackElo "1822"]
[Annotator "NA"]
[PlyCount "83"]
[EventDate "2019.08.17"]
[EventType "swiss"]
[EventCountry "POL"]
[SourceTitle "playchess.com"]
[Source "ChessBase"]
[SourceQuality "1"]
[TimeControl "40/5400+30:1800+30"]

1. d4 d5 2. c4 e6 3. Nf3 c6 4. Nbd2 Nd7 5. g3 Ngf6 6. Bg2 Bd6 7. O-O O-O 8. Qc2 Qc7 9. e4 dxe4 10. Nxe4 Nxe4 11. Qxe4 Nf6 12. Qc2 c5 13. dxc5 Bxc5 14. Bf4 Qe7 15. Be5 Nd7 16. Bc3 Rd8 17. Rad1 Rb8 18. a3 Nf8 19. Be5 Ra8 20. Rxd8 Qxd8 21. Rd1 Qe8 22. b4 Be7 23. Qb2 f6 24. Bc3 e5 25. Nd2 Qa4 26. Qb3 Qa6 27. a4 Be6 28. b5 Qb6 29. a5 Qc7 30. a6 Rd8 31. axb7 Nd7 32. Qa2 Bc5 33. Ba5 Bb6 34. Bxb6 Nxb6 35. Rc1 Qb8 36. Qa5 Rd4 37. c5 Ra4 38. Qc3 Nd5 39. Bxd5 Bxd5 40. c6 Qc7 41. Qc2 Ra2 42. Qf5 1-0

[Event "55th Rubinstein Memorial-A 2019"]
[Site "Polanica-Zdroj"]
[Date "2019.08.20"]
[Round "4.20"]
[White "Stachecki, Mikolaj"]
[Black "Slomczewski, Michal"]
[Result "0-1"]
[ECO "B44"]
[WhiteElo "1765"]
[BlackElo "2115"]
[Annotator "NA"]
[PlyCount "68"]
[EventDate "2019.08.17"]
[EventType "swiss"]
[EventCountry "POL"]
[SourceTitle "playchess.com"]
[Source "ChessBase"]
[SourceQuality "1"]
[TimeControl "40/5400+30:1800+30"]

1. e4 c5 2. Nf3 e6 3. d4 cxd4 4. Nxd4 Nc6 5. Nb5 d6 6. c4 Nf6 7. N1c3 a6 8. Na3 b6 9. Be2 Bb7 10. Be3 Ne5 11. Qd4 Ned7 12. f3 Be7 13. O-O O-O 14. Rfe1 Rc8 15. Rac1 Qc7 16. Nab1 Qb8 17. a3 Bd8 18. b4 Bc7 19. Bf2 Kh8 20. Red1 g5 21. Bg3 Ne5 22. Qe3 Rg8 23. b5 a5 24. Na4 Ned7 25. Nbc3 Nh5 26. f4 gxf4 27. Bxf4 Nxf4 28. Qxf4 Rg7 29. g3 Rcg8 30. Qf2 Nc5 31. Nxc5 dxc5 32. Rd3 Be5 33. Kg2 Bd4 34. Qf3 f5 0-1

[Event "55th Rubinstein Memorial-A 2019"]
[Site "Polanica-Zdroj"]
[Date "2019.08.20"]
[Round "4.21"]
[White "Hertlein, Irena"]
[Black "Malicka, Maria"]
[Result "0-1"]
[ECO "A45"]
[WhiteElo "1689"]
[BlackElo "2062"]
[Annotator "NA"]
[PlyCount "98"]
[EventDate "2019.08.17"]
[EventType "swiss"]
[EventCountry "POL"]
[SourceTitle "playchess.com"]
[Source "ChessBase"]
[SourceQuality "1"]
[TimeControl "40/5400+30:1800+30"]

1. d4 Nf6 2. Bf4 d5 3. e3 c5 4. c3 Nc6 5. Nd2 Bf5 6. Qb3 Qd7 7. Ngf3 c4 8. Qd1 e6 9. Nh4 Bg4 10. Be2 Bxe2 11. Qxe2 Be7 12. Nhf3 O-O 13. b3 b5 14. a4 a6 15. bxc4 bxc4 16. h3 Bd6 17. Bxd6 Qxd6 18. e4 e5 19. O-O Nxe4 20. Nxe4 dxe4 21. Qxe4 exd4 22. Nxd4 Nxd4 23. Qxd4 Qxd4 24. cxd4 Rfd8 25. Rfd1 Rab8 26. Rac1 Rb4 27. a5 Kf8 28. d5 Ke7 29. Rd4 Rc8 30. d6+ Kd7 31. Re1 Re8 32. Rc1 Re5 33. Rcxc4 Rxc4 34. Rxc4 Kxd6 35. Rh4 h5 36. Rf4 f6 37. Ra4 Kc6 38. g3 Kb5 39. Ra1 Kb4 40. Rb1+ Kxa5 41. Rb7 g5 42. Rh7 Kb4 43. Rxh5 a5 44. Rh8 a4 45. Ra8 a3 46. h4 gxh4 47. gxh4 Ra5 48. Rb8+ Ka4 49. Rb1 Rh5 0-1

[Event "55th Rubinstein Memorial-A 2019"]
[Site "Polanica-Zdroj"]
[Date "2019.08.20"]
[Round "4.22"]
[White "Zych, Marek"]
[Black "Pluta, Natalia"]
[Result "1-0"]
[ECO "A37"]
[WhiteElo "2061"]
[BlackElo "1808"]
[Annotator "NA"]
[PlyCount "77"]
[EventDate "2019.08.17"]
[EventType "swiss"]
[EventCountry "POL"]
[SourceTitle "playchess.com"]
[Source "ChessBase"]
[SourceQuality "1"]
[TimeControl "40/5400+30:1800+30"]

1. Nf3 c5 2. c4 Nc6 3. g3 g6 4. Bg2 Bg7 5. Nc3 e6 6. O-O Nge7 7. d4 Nxd4 8. Nxd4 cxd4 9. Nb5 Nf5 10. g4 a6 11. gxf5 axb5 12. fxe6 dxe6 13. cxb5 O-O 14. a4 e5 15. Bd2 Qb6 16. Qb3 Be6 17. Bd5 Bxd5 18. Qxd5 Rad8 19. Qb3 Kh8 20. a5 Qf6 21. a6 b6 22. Qd3 Rfe8 23. f3 Qh4 24. a7 Ra8 25. Ra6 Qe7 26. Qa3 Qd7 27. Rxb6 Rxa7 28. Qc5 Bf8 29. Qc4 Rb7 30. Rc6 Reb8 31. Rc1 Rxb5 32. Bg5 Kg7 33. Bf6+ Kh6 34. Qd3 Rxb2 35. Qe4 Qh3 36. Qxe5 R8b5 37. Qf4+ Kh5 38. R1c5+ Rxc5 39. Rxc5+ 1-0

[Event "55th Rubinstein Memorial-A 2019"]
[Site "Polanica-Zdroj"]
[Date "2019.08.20"]
[Round "4.23"]
[White "Goraj, Barbara"]
[Black "Domanski, Lukasz"]
[Result "0-1"]
[ECO "C70"]
[WhiteElo "1800"]
[BlackElo "2058"]
[Annotator "NA"]
[PlyCount "126"]
[EventDate "2019.08.17"]
[EventType "swiss"]
[EventCountry "POL"]
[SourceTitle "playchess.com"]
[Source "ChessBase"]
[SourceQuality "1"]
[TimeControl "40/5400+30:1800+30"]

1. e4 e5 2. Nf3 Nc6 3. Bb5 a6 4. Ba4 Nge7 5. c3 g6 6. d4 exd4 7. Nxd4 Bg7 8. Be3 O-O 9. O-O d6 10. Re1 Ne5 11. Nd2 Nd3 12. Rf1 Nxb2 13. Qc2 Nxa4 14. Qxa4 b5 15. Qa3 Bb7 16. Rad1 Nc6 17. Nxc6 Bxc6 18. f3 Bb7 19. c4 c5 20. Nb3 Qe7 21. Bf4 Rfd8 22. Na5 Bd4+ 23. Be3 Be5 24. f4 Bg7 25. e5 b4 26. Qb3 dxe5 27. Nxb7 Qxb7 28. Bxc5 exf4 29. Qxb4 Qe4 30. Rde1 Qc2 31. Rf2 Qd3 32. Rxf4 Rab8 33. Qa3 Bd4+ 34. Kh1 Qd2 35. Rfe4 Bxc5 36. Qxc5 Qxa2 37. h3 Rb1 38. Qg1 Rxe1 39. Qxe1 Qa4 40. Kh2 Qc6 41. Qa5 Rc8 42. Qe1 a5 43. Re7 a4 44. Qb4 Ra8 45. c5 a3 46. Ra7 a2 47. Qa5 Rxa7 48. Qxa7 Qd5 49. Qb8+ Kg7 50. Qb2+ f6 51. g3 Kf7 52. c6 Ke7 53. Qb4+ Ke6 54. Qb2 g5 55. h4 gxh4 56. c7 Kd7 57. Qb8 hxg3+ 58. Kh3 Qh5+ 59. Kg2 Qe2+ 60. Kh3 Qh2+ 61. Kg4 h5+ 62. Kf3 Qf2+ 63. Ke4 Qc2+ 0-1

[Event "55th Rubinstein Memorial-A 2019"]
[Site "Polanica-Zdroj"]
[Date "2019.08.20"]
[Round "4.24"]
[White "Niedbala, Bartlomiej"]
[Black "Twardowski, Hubert"]
[Result "1-0"]
[ECO "A45"]
[WhiteElo "2169"]
[BlackElo "1822"]
[Annotator "NA"]
[PlyCount "47"]
[EventDate "2019.08.17"]
[EventType "swiss"]
[EventCountry "POL"]
[SourceTitle "playchess.com"]
[Source "ChessBase"]
[SourceQuality "1"]
[TimeControl "40/5400+30:1800+30"]

1. d4 Nf6 2. Bf4 c5 3. e3 e6 4. c3 d5 5. Nd2 Nc6 6. Ngf3 Bd6 7. Bg3 O-O 8. Bd3 h6 9. Ne5 Bxe5 10. dxe5 Nd7 11. f4 d4 12. Ne4 Qa5 13. O-O dxc3 14. bxc3 b5 15. Bh4 c4 16. Bc2 Kh8 17. a3 Qb6 18. Qh5 Nc5 19. Nxc5 Qxc5 20. Bf6 Kg8 21. Qg4 g5 22. fxg5 Qxe3+ 23. Kh1 Nxe5 24. gxh6+ 1-0

[Event "55th Rubinstein Memorial-A 2019"]
[Site "Polanica-Zdroj"]
[Date "2019.08.20"]
[Round "4.25"]
[White "Wnek, Filip"]
[Black "Rak, Maciej"]
[Result "0-1"]
[ECO "B40"]
[WhiteElo "2021"]
[BlackElo "1779"]
[Annotator "NA"]
[PlyCount "62"]
[EventDate "2019.08.17"]
[EventType "swiss"]
[EventCountry "POL"]
[SourceTitle "playchess.com"]
[Source "ChessBase"]
[SourceQuality "1"]
[TimeControl "40/5400+30:1800+30"]

1. e4 c5 2. Nf3 e6 3. c4 a6 4. a3 Nc6 5. d4 cxd4 6. Nxd4 Qc7 7. Nc3 Nf6 8. Be3 Be7 9. Be2 O-O 10. O-O Ne5 11. Rc1 d6 12. b4 b6 13. f3 Re8 14. Na4 Ned7 15. Kh1 Bb7 16. Nb3 Bc6 17. Nb2 Bb7 18. Nd3 Rac8 19. a4 Qb8 20. a5 d5 21. exd5 exd5 22. c5 bxa5 23. Nxa5 Bc6 24. Bf4 Qa8 25. Nxc6 Qxc6 26. Ne5 Nxe5 27. Bxe5 Qe6 28. f4 Ne4 29. Bd3 a5 30. bxa5 Bxc5 31. Qe2 Ng3+ 0-1

[Event "55th Rubinstein Memorial-A 2019"]
[Site "Polanica-Zdroj"]
[Date "2019.08.20"]
[Round "4.26"]
[White "Raclawicki, Kacper"]
[Black "Mazalon, Mariusz"]
[Result "1-0"]
[ECO "B02"]
[WhiteElo "1835"]
[BlackElo "2012"]
[Annotator "NA"]
[PlyCount "57"]
[EventDate "2019.08.17"]
[EventType "swiss"]
[EventCountry "POL"]
[SourceTitle "playchess.com"]
[Source "ChessBase"]
[SourceQuality "1"]
[TimeControl "40/5400+30:1800+30"]

1. e4 Nf6 2. Nc3 d5 3. exd5 Nxd5 4. d4 Nxc3 5. bxc3 g6 6. Bc4 Bg7 7. Nf3 c5 8. Be3 O-O 9. Qd2 Nc6 10. Bh6 cxd4 11. Bxg7 Kxg7 12. cxd4 Bg4 13. c3 Bxf3 14. gxf3 Rc8 15. Bb3 Na5 16. d5 Qb6 17. O-O Qf6 18. Rac1 Rc5 19. Rfe1 Rfc8 20. f4 b6 21. Re5 Nc4 22. Bxc4 Rxc4 23. Qe3 R8c7 24. Re1 Rxc3 25. Qd2 Rc2 26. Qd4 R7c4 27. Qe3 Rxf4 28. Re2 Rg4+ 29. Kf1 1-0

[Event "55th Rubinstein Memorial-A 2019"]
[Site "Polanica-Zdroj"]
[Date "2019.08.20"]
[Round "4.27"]
[White "Luberanski, Jakub"]
[Black "Kozlowski, Pawel"]
[Result "0-1"]
[ECO "C16"]
[WhiteElo "1996"]
[BlackElo "1763"]
[Annotator "NA"]
[PlyCount "182"]
[EventDate "2019.08.17"]
[EventType "swiss"]
[EventCountry "POL"]
[SourceTitle "playchess.com"]
[Source "ChessBase"]
[SourceQuality "1"]
[TimeControl "40/5400+30:1800+30"]

1. e4 e6 2. d4 d5 3. Nc3 Bb4 4. e5 Qd7 5. Qg4 f5 6. Qh5+ Qf7 7. Qxf7+ Kxf7 8. Bd2 Bxc3 9. Bxc3 b6 10. g3 Ba6 11. Bg2 c5 12. O-O-O Ne7 13. Nh3 h6 14. dxc5 bxc5 15. Nf4 Nbc6 16. Nxd5 exd5 17. Rxd5 Nxd5 18. Bxd5+ Ke7 19. Bxc6 Rac8 20. Bg2 Rhd8 21. b3 Ke6 22. Ba5 Rd7 23. c4 Bb7 24. Bxb7 Rxb7 25. f4 g5 26. Rd1 Rd7 27. Be1 Rg8 28. Bf2 Rxd1+ 29. Kxd1 gxf4 30. gxf4 Rg2 31. Ke2 Rxh2 32. Kf3 Rh3+ 33. Ke2 Rc3 34. Kd2 Rh3 35. Ke2 Rh1 36. Bxc5 Ra1 37. a4 a6 38. Bf8 h5 39. Kf3 Rg1 40. Bc5 Rg8 41. b4 h4 42. Bf2 h3 43. Bg3 Rd8 44. Ke3 Rd1 45. b5 axb5 46. axb5 Rc1 47. Kf3 Rxc4 48. Bh2 Rc3+ 49. Kf2 Rb3 50. b6 Rxb6 51. Kg3 Rb3+ 52. Kh4 Kd5 53. Bg3 Ke4 54. Kxh3 Kf3 55. Kh4 Ke4 56. Bh2 Rb8 57. Kg3 Rb2 58. Bg1 Rb3+ 59. Kh4 Kxf4 60. e6 Rb2 61. Kh3 Re2 62. Bh2+ Kg5 63. Bb8 Rxe6 64. Kg2 Kg4 65. Kf2 f4 66. Kg2 Re2+ 67. Kf1 Ra2 68. Bc7 f3 69. Bd6 Rd2 70. Bc7 Kf5 71. Bb8 Ke4 72. Ba7 Ra2 73. Bb6 Rb2 74. Ba7 Kf4 75. Bc5 Rc2 76. Ba7 Ra2 77. Bb6 Ra6 78. Bd4 Ke4 79. Bc5 Ra5 80. Bb6 Rb5 81. Ba7 Rb2 82. Bc5 Kf4 83. Bd6+ Kg4 84. Bc7 Kh3 85. Bd6 f2 86. Bc7 Rb7 87. Bd6 Rf7 88. Bc5 Kg3 89. Be3 Kf3 90. Bc1 Re7 91. Bd2 Rd7 0-1

[Event "55th Rubinstein Memorial-A 2019"]
[Site "Polanica-Zdroj"]
[Date "2019.08.21"]
[Round "5.1"]
[White "Warakomski, Tomasz"]
[Black "Oglaza, Oskar"]
[Result "1-0"]
[ECO "B01"]
[WhiteElo "2497"]
[BlackElo "2367"]
[Annotator "ChessBase"]
[PlyCount "63"]
[EventDate "2019.08.17"]
[EventType "swiss"]
[EventCountry "POL"]
[SourceTitle "playchess.com"]
[Source "ChessBase"]
[SourceQuality "1"]
[TimeControl "40/5400+30:1800+30"]

1. e4 d5 2. exd5 Qxd5 3. Nc3 Qa5 4. d4 c6 5. Bc4 Nf6 6. Bd2 Nbd7 7. Qe2 e6 8. Nf3 Bb4 9. O-O Qh5 10. Ne4 Bxd2 11. Ng3 Qa5 12. Nxd2 O-O 13. Nde4 Qc7 14. Rad1 Nd5 15. Bb3 b6 16. Rfe1 Bb7 17. c4 Nf4 18. Qf3 f5 19. Ng5 c5 20. d5 Rae8 21. Ne2 Nxe2+ 22. Qxe2 Nf6 23. Ba4 Ng4 24. g3 Qd8 25. Nxe6 Qf6 26. Bxe8 Rxe8 27. f3 Nh6 28. d6 Nf7 29. d7 Ra8 30. Nxc5 Bc6 31. Qe8+ Rxe8 32. Rxe8# 1-0

[Event "55th Rubinstein Memorial-A 2019"]
[Site "Polanica-Zdroj"]
[Date "2019.08.21"]
[Round "5.3"]
[White "Jaroch, Karol"]
[Black "Kosakowski, Jakub"]
[Result "1/2-1/2"]
[ECO "B30"]
[WhiteElo "2231"]
[BlackElo "2401"]
[Annotator "NA"]
[PlyCount "62"]
[EventDate "2019.08.17"]
[EventType "swiss"]
[EventCountry "POL"]
[SourceTitle "playchess.com"]
[Source "ChessBase"]
[SourceQuality "1"]
[TimeControl "40/5400+30:1800+30"]

1. e4 c5 2. Nf3 Nc6 3. Bb5 e5 4. O-O Bd6 5. Re1 a6 6. Bxc6 dxc6 7. d3 Ne7 8. Nbd2 Ng6 9. Nc4 Bc7 10. Ne3 Qf6 11. h3 O-O 12. Ng4 Qe7 13. Ne3 Be6 14. Nf5 Qd7 15. g4 Nf4 16. Bxf4 exf4 17. d4 cxd4 18. Qxd4 Qxd4 19. N3xd4 Rad8 20. Red1 Bd7 21. Nb3 b6 22. Rd2 Bxf5 23. exf5 Rxd2 24. Nxd2 Rd8 25. Nf3 g6 26. fxg6 hxg6 27. Re1 Kf8 28. Kf1 b5 29. Ke2 Re8+ 30. Kd3 Rd8+ 31. Ke2 Re8+ 1/2-1/2

[Event "55th Rubinstein Memorial-A 2019"]
[Site "Polanica-Zdroj"]
[Date "2019.08.21"]
[Round "5.4"]
[White "Kaczmarek, Arkadiusz"]
[Black "Marszalek, Maciej"]
[Result "0-1"]
[ECO "A77"]
[WhiteElo "1986"]
[BlackElo "2295"]
[Annotator "NA"]
[PlyCount "82"]
[EventDate "2019.08.17"]
[EventType "swiss"]
[EventCountry "POL"]
[SourceTitle "playchess.com"]
[Source "ChessBase"]
[SourceQuality "1"]
[TimeControl "40/5400+30:1800+30"]

1. d4 Nf6 2. c4 e6 3. Nf3 c5 4. d5 exd5 5. cxd5 d6 6. Nc3 g6 7. Nd2 Bg7 8. e4 O-O 9. Be2 Re8 10. O-O Nbd7 11. f4 c4 12. Kh1 b5 13. Nxb5 Nxe4 14. Nxe4 Rxe4 15. Bf3 Re7 16. Nxd6 Ba6 17. Ne4 c3 18. bxc3 Bxf1 19. Qxf1 Qe8 20. Ba3 Rxe4 21. Bxe4 Qxe4 22. Qb5 Nb6 23. d6 Qc4 24. Rb1 Qxb5 25. Rxb5 Bxc3 26. Rc5 Bf6 27. g3 Rd8 28. Rc7 Rd7 29. Rc6 Bd8 30. Bb2 f6 31. g4 Nd5 32. f5 gxf5 33. gxf5 Ne3 34. Bd4 Nxf5 35. Bc5 a5 36. Ra6 Kf7 37. Bb6 Bxb6 38. Rxb6 Rxd6 39. Rb5 Ne3 40. Kg1 Rd5 41. Rb3 Re5 0-1

[Event "55th Rubinstein Memorial-A 2019"]
[Site "Polanica-Zdroj"]
[Date "2019.08.21"]
[Round "5.5"]
[White "Jaskolka, Tomasz"]
[Black "Shishkin, Vadim"]
[Result "1/2-1/2"]
[ECO "E15"]
[WhiteElo "2227"]
[BlackElo "2445"]
[Annotator "NA"]
[PlyCount "113"]
[EventDate "2019.08.17"]
[EventType "swiss"]
[EventCountry "POL"]
[SourceTitle "playchess.com"]
[Source "ChessBase"]
[SourceQuality "1"]
[TimeControl "40/5400+30:1800+30"]

1. d4 Nf6 2. c4 e6 3. Nf3 b6 4. g3 Ba6 5. Qc2 c5 6. d5 exd5 7. cxd5 Bb7 8. e4 Qe7 9. Bd3 Nxd5 10. a3 Nc6 11. O-O Nc7 12. Nc3 Qd8 13. Qe2 Be7 14. e5 Ne6 15. Be3 O-O 16. Rad1 Ncd4 17. Bxd4 cxd4 18. Nb5 d6 19. Nbxd4 Nxd4 20. Nxd4 dxe5 21. Nf5 Bf6 22. Be4 Qb8 23. Rd7 Bxe4 24. Qxe4 Qe8 25. Rd6 Kh8 26. Rfd1 Rd8 27. Qg4 Rxd6 28. Rxd6 Rg8 29. Qc4 Be7 30. Rc6 g6 31. Nxe7 Qxe7 32. Rc7 b5 33. Qc6 Qe6 34. Qxe6 fxe6 35. Rxa7 Rd8 36. Rb7 Rd5 37. Kf1 Rc5 38. Ke1 Kg8 39. Kd2 g5 40. h4 gxh4 41. gxh4 h5 42. Ke3 Kf8 43. Rh7 Rc2 44. Rxh5 Rxb2 45. Rxe5 Kf7 46. Kf3 b4 47. axb4 Rxb4 48. Re4 Rb1 49. h5 Kf6 50. Rh4 Kg5 51. Rh2 Kh6 52. Kf4 Rb5 53. f3 Rf5+ 54. Ke4 Rxh5 55. Rxh5+ Kxh5 56. Ke5 Kg5 57. Kxe6 1/2-1/2

[Event "55th Rubinstein Memorial-A 2019"]
[Site "Polanica-Zdroj"]
[Date "2019.08.21"]
[Round "5.6"]
[White "Goslawski, Michal"]
[Black "Goluch, Piotr"]
[Result "0-1"]
[ECO "A05"]
[WhiteElo "2160"]
[BlackElo "2418"]
[Annotator "NA"]
[PlyCount "43"]
[EventDate "2019.08.17"]
[EventType "swiss"]
[EventCountry "POL"]
[SourceTitle "playchess.com"]
[Source "ChessBase"]
[SourceQuality "1"]
[TimeControl "40/5400+30:1800+30"]

1. Nf3 Nf6 2. c4 e6 3. g3 d5 4. d4 Bb4+ 5. Nbd2 dxc4 6. Bg2 b5 7. a4 c6 8. O-O O-O 9. Ne1 Nd5 10. e4 Nb6 11. Nc2 Bxd2 12. Bxd2 Nxa4 13. Rxa4 bxa4 14. e5 c3 15. bxc3 Ba6 16. Re1 Bd3 17. Nb4 Bg6 18. Qxa4 a5 19. h4 Qb6 20. Be3 axb4 21. Qxa8 b3 22. Bf1 0-1

[Event "55th Rubinstein Memorial-A 2019"]
[Site "Polanica-Zdroj"]
[Date "2019.08.21"]
[Round "5.7"]
[White "Mikhaletz, Lubomir"]
[Black "Vanduyfhuys, Daria"]
[Result "1/2-1/2"]
[ECO "A45"]
[WhiteElo "2412"]
[BlackElo "2160"]
[Annotator "NA"]
[PlyCount "110"]
[EventDate "2019.08.17"]
[EventType "swiss"]
[EventCountry "POL"]
[SourceTitle "playchess.com"]
[Source "ChessBase"]
[SourceQuality "1"]
[TimeControl "40/5400+30:1800+30"]

1. d4 Nf6 2. Bg5 d5 3. Bxf6 exf6 4. e3 Bd6 5. Nd2 c6 6. Ne2 O-O 7. g3 Nd7 8. Bg2 f5 9. c4 dxc4 10. Nxc4 Bc7 11. O-O Nf6 12. Nc3 Be6 13. Qd3 Qe7 14. Rab1 a5 15. b3 Rad8 16. Rfd1 Rfe8 17. a3 g6 18. Re1 Nd5 19. Qd2 b5 20. Nxd5 Bxd5 21. Bxd5 Rxd5 22. Nxa5 c5 23. b4 Bxa5 24. bxa5 Qd7 25. a6 Ra8 26. Qa5 cxd4 27. exd4 Qc6 28. Rbc1 Rxa6 29. Qb4 Qd6 30. Rc5 Rxd4 31. Qxb5 Ra8 32. Rc3 Rd1 33. Rxd1 Qxd1+ 34. Kg2 Qd4 35. Rc4 Qd6 36. a4 Rb8 37. Rc6 Rxb5 38. Rxd6 Rb4 39. a5 Ra4 40. a6 Ra3 41. Kf1 Ra2 42. h3 Kg7 43. Kg2 Ra3 44. g4 fxg4 45. hxg4 h5 46. g5 Kf8 47. f3 Ra5 48. f4 Ra3 49. Rb6 Kg7 50. Rf6 Kg8 51. Kf2 Kg7 52. Rb6 Kf8 53. Rb8+ Kg7 54. Rb6 Kf8 55. Kg2 Kg7 1/2-1/2

[Event "55th Rubinstein Memorial-A 2019"]
[Site "Polanica-Zdroj"]
[Date "2019.08.21"]
[Round "5.8"]
[White "Wisniewski, Michal"]
[Black "Lewtak, Damian"]
[Result "0-1"]
[ECO "A04"]
[WhiteElo "2130"]
[BlackElo "2354"]
[Annotator "NA"]
[PlyCount "82"]
[EventDate "2019.08.17"]
[EventType "swiss"]
[EventCountry "POL"]
[SourceTitle "playchess.com"]
[Source "ChessBase"]
[SourceQuality "1"]
[TimeControl "40/5400+30:1800+30"]

1. Nf3 f5 2. d3 d5 3. e4 dxe4 4. dxe4 Qxd1+ 5. Kxd1 fxe4 6. Ng5 Nf6 7. Bc4 Bg4+ 8. Ke1 Nc6 9. Bf7+ Kd7 10. h3 Bf5 11. g4 h6 12. gxf5 hxg5 13. Be6+ Ke8 14. c3 g4 15. h4 Nd8 16. Bf4 g6 17. Bxc7 Nxe6 18. fxe6 Rc8 19. Bf4 Bh6 20. Bxh6 Rxh6 21. Na3 Rc5 22. Nc2 Re5 23. Nd4 g5 24. h5 Rxh5 25. Rxh5 Nxh5 26. Kd2 g3 27. fxg3 e3+ 28. Kd3 Nxg3 29. Nf3 Rxe6 30. Nxg5 Rg6 31. Ne4 Nf5 32. Rf1 e6 33. Rh1 Rg2 34. b4 Rxa2 35. b5 Kf7 36. c4 b6 37. c5 bxc5 38. Nxc5 Ra3+ 39. Kc4 e2 40. Nd3 Ne3+ 41. Kd4 Nc2+ 0-1